AoeStats
← Asur

Nomad

508534104Analyzed
4v4 RM · 11d ago on Sep 22, 2026· 26m 28s· 8 players
Game mode
Random Map
Map size
231×231
Population
200
Speed
Normal
Resources
Standard
Victory
Conquest
Starting age
Dark Age
Ending age
Imperial Age
RankedLock teamsTeams togetherTeam positionsShared explorationLock speedFull tech treeHidden civsTurbo modeCheats
Victory
Defeat
🇲🇽 Varangians · Mexico
1544
+10
🇨🇦 Danes · Canada
1469
+13
🇨🇦 Spanish · Canada
1462
+14
🇺🇸 Persians · United States
1072
+28
🇨🇳 Burmese · China
1451
-18
🇩🇪 Magyars · Germany
1435
-17
🇳🇿 Italians · New Zealand
1413
-17
🇻🇳 Burgundians · Vietnam
1301
-13
{MAMP}noobwithouthope
3:17 Loom
14:08 Feudal Age
14:46 Double-Bit Axe
19:54 Castle Age
18:38 Stone Mining
21:53 Horse Collar
22:20 Gold Mining
EL_MISMO
2:58 Loom
12:31 Feudal Age
13:03 Town Watch
13:32 Double-Bit Axe
17:23 Fletching
22:50 Castle Age
23:44 Medium Warships
{MAMP}Elky
5:10 Loom
13:34 Feudal Age
14:47 Town Watch
17:20 Castle Age
15:41 Town Watch
16:02 Scale Mail Armor
15:55 Double-Bit Axe
16:06 Gold Mining
17:20 Arson
17:52 Gambesons
SkinnyPig
4:48 Loom
13:52 Feudal Age
18:22 Castle Age
18:50 Fletching
Asur
5:00 Loom
14:25 Feudal Age
18:30 Castle Age
17:12 Double-Bit Axe
20:14 Bow Saw
20:59 Horse Collar
21:42 Heavy Plow
25:50 Town Watch
26:41 Wheelbarrow
Not Ben
4:06 Loom
14:35 Feudal Age
15:12 Double-Bit Axe
18:28 Castle Age
17:00 Fletching
19:43 Medium Warships
21:48 Wheelbarrow
21:10 Bodkin Arrow
21:47 Bow Saw
24:04 Forging
23:59 Scale Barding Armor
23:38 Horse Collar
dango_daikazoku
4:24 Loom
13:54 Feudal Age
12:13 Fishing Lines
13:45 Gold Mining
13:58 Double-Bit Axe
26:56 Castle Age
instant cereal
4:48 Loom
13:51 Feudal Age
14:43 Town Watch
17:36 Castle Age
16:11 Stone Mining
17:32 Fishing Lines
18:16 Town Watch
21:14 Wheelbarrow
24:38 Fletching
Connection lost

Rejoining the realm…

Still unreachable

The connection could not be restored.

Session expired

The server has moved on; the page needs a fresh start.